 Dungeon Crawl Stone Soup version 0.28.0-49-g6dfe1f597d (webtiles) character file.

Game seed: 6866771794716212543

16 FreshCat the Covert (level 2, -4/29 HPs)
             Began as a Gnoll Delver on May 16, 2022.
             Killed by divine providence
             ... invoked by an orc priest
              (12 damage)
             ... on level 4 of the Dungeon.
             The game lasted 00:04:23 (939 turns).

FreshCat the Covert (Gnoll Delver)                   Turns: 939, Time: 00:04:24

Health: -4/29      AC:  3    Str: 11    XL:     2   Next: 54%
Magic:  2/2        EV: 13    Int:  9    God:
Gold:   78         SH:  0    Dex: 13    Spells: 1/1 levels left

rFire   . . .      SeeInvis .   a - +0 hand axe
rCold   . . .      Faith    .   (no shield)
rNeg    . . .      Spirit   .   b - +0 leather armour
rPois   .          Reflect  .   (no helmet)
rElec   .          Harm     .   (no cloak)
rCorr   .          Rampage  .   (no gloves)
Will    .....                   (no boots)
Stlth   ++++......              (no amulet)
HPRegen 0.09/turn               (no ring)
MPRegen 0.08/turn               (no ring)

@: no status effects
A: fangs 1, strong nose, distributed training
a: no special abilities


You were on level 4 of the Dungeon.
You visited 1 branch of the dungeon, and saw 3 of its levels.

You collected 78 gold pieces.

Inventory:

Hand Weapons
 a - a +0 hand axe (weapon)
Missiles
 k - 62 stones (quivered)
Armour
 b - a +0 leather armour (worn)
 j - a +0 scale mail
Wands
 g - a wand of digging (3)
Scrolls
 c - a scroll of fog
 d - a scroll of magic mapping
 h - a scroll of teleportation
 l - a scroll of silence {unknown}
 n - a scroll of immolation {unknown}
Potions
 f - 2 potions of haste
 i - a potion of might {unknown}
 m - a potion of mutation {unknown}


   Skills:
 + Level 6.5 Fighting
 + Level 0.4 Short Blades
 + Level 0.4 Long Blades
 + Level 4.5 Axes
 + Level 0.4 Maces & Flails
 + Level 0.4 Polearms
 + Level 0.4 Staves
 + Level 0.4 Slings
 + Level 0.4 Bows
 + Level 0.4 Crossbows
 + Level 0.4 Throwing
 + Level 0.4 Armour
 + Level 4.5 Dodging
 + Level 9.5 Stealth
 + Level 0.4 Shields
 + Level 0.4 Unarmed Combat
 + Level 0.4 Spellcasting
 + Level 0.2 Conjurations
 + Level 0.2 Hexes
 + Level 0.2 Summonings
 + Level 0.2 Necromancy
 + Level 0.2 Translocations
 + Level 0.2 Transmutations
 + Level 0.2 Fire Magic
 + Level 0.2 Ice Magic
 + Level 0.2 Air Magic
 + Level 0.2 Earth Magic
 + Level 0.2 Poison Magic
 + Level 0.5 Invocations
 + Level 0.4 Evocations


You had one spell level left.
You didn't know any spells.
Your spell library was empty.

Dungeon Overview and Level Annotations

Branches:
Dungeon (6/15)
 Temple: D:4-7

Altars:

Shops:
D:6 !

Annotations:
D:4 exclusions: door and downstairs
D:5 exclusion: ogre


Innate Abilities, Weirdness & Mutations

You have very sharp teeth.
Your uncanny sense of smell can sniff out nearby items.
Your experience applies equally to all skills.


Message History

The centaur skeleton is lightly damaged.
The centaur skeleton hits you. The centaur skeleton barely misses you.
You completely miss the centaur skeleton.
You punch the centaur skeleton.
The centaur skeleton is moderately damaged.
The centaur skeleton hits you but does no damage.
The centaur skeleton kicks you but does no damage.
The centaur skeleton closely misses you.
The centaur skeleton kicks you.
You hit the centaur skeleton.
The centaur skeleton is moderately damaged.
The centaur skeleton hits you but does no damage.
The centaur skeleton kicks you but does no damage.
The orc priest shouts!
You hit the centaur skeleton. You bite the centaur skeleton.
The centaur skeleton is severely damaged.
You hear a shout!
The centaur skeleton hits you but does no damage.
The centaur skeleton kicks you.
The centaur skeleton closely misses you.
The centaur skeleton kicks you but does no damage.
There is an open door here.
You hit the centaur skeleton.
The centaur skeleton is severely damaged.
The centaur skeleton closely misses you.
The centaur skeleton barely misses you.
The centaur skeleton hits you but does no damage.
The centaur skeleton misses you.
The orc priest mumbles some strange prayers to Beogh against you.
Beogh smites you!
Ouch! That really hurt!
You see here a +0 dagger.
The centaur skeleton barely misses you. The centaur skeleton kicks you.
* * * LOW HITPOINT WARNING * * *
The centaur skeleton hits you but does no damage.
The centaur skeleton kicks you but does no damage.
The quokka bites you but does no damage.
The orc priest calls down the wrath of Beogh upon you.
Beogh smites you!
You die...

........#......#....'......#
........#.#######...#......#
....##'##.##..###...#.....##
....+...............#.....#
....#...............#.....#
....#...............#.....+
....##########'######.....##+####
###.......................#.....#
..'............r@Z.....o).'.....#
..#.......................#.....#
..#....)..................#......
..#.......................#......
..#......########'###.....#.....#
..#......#..........#)....#.....#
..#......#..?.......#.....#.....#
..#......#..........#.....#.....#
..#......#g.........#.....#.....#


You could see an orc priest, a quokka and a centaur skeleton.

Vanquished Creatures
  4 orcs (D:4)
  A giant cockroach (D:4)
  3 goblins (D:4)
  A quokka (D:4)
  A ball python (D:4)
10 creatures vanquished.

Notes
Turn   | Place    | Note
-------+----------+-------------------------------------------
     0 | D:5      | Reached skill level 9 in Stealth
     0 | D:5      | FreshCat the Gnoll Delver began the quest for the Orb.
     0 | D:5      | Reached XP level 1. HP: 23/23 MP: 1/1
    23 | D:5      | Noticed an ogre
    40 | D:6      | Found Jukesux Bice's Distillery.
   318 | D:4      | Reached XP level 2. HP: 28/29 MP: 2/2
   376 | D:5      | Noticed a wight
   376 | D:5      | Noticed a wight
   376 | D:5      | Noticed a wight
   939 | D:4      | Killed from afar by an orc priest

Illustrated notes

Levels and vault maps discovered:
D:4:      layout_gridville
D:5:      layout_loops_ring, kennysheep_generic_room_4
D:6:      layout_layer_cave, trog_three_pillars_becter,
          minmay_temple_entry_mini_moons, serial_shops, nicolae_shop_stone,
          minmay_statues_item

Skill      XL: | |
---------------+-+-----
Stealth        | |  9.5
Fighting       | |  6.5
Short Blades   | |  0.4
Long Blades    | |  0.4
Axes           | |  4.5
Maces & Flails | |  0.4
Polearms       | |  0.4
Staves         | |  0.4
Slings         | |  0.4
Bows           | |  0.4
Crossbows      | |  0.4
Throwing       | |  0.4
Armour         | |  0.4
Dodging        | |  4.5
Shields        | |  0.4
Unarmed Combat | |  0.4
Spellcasting   | |  0.4
Conjurations   | |  0.2
Hexes          | |  0.2
Summonings     | |  0.2
Necromancy     | |  0.2
Translocations | |  0.2
Transmutations | |  0.2
Fire Magic     | |  0.2
Ice Magic      | |  0.2
Air Magic      | |  0.2
Earth Magic    | |  0.2
Poison Magic   | |  0.2
Invocations    | |  0.5
Evocations     | |  0.4

Action                   || total
-------------------------++-------
Melee: Hand axe          ||    33
       Bite              ||     8
       Punch             ||     1
  Use: Scroll            ||     2
 Stab: Sleeping          ||     5
       Distracted        ||     1
Armor: Leather armour    ||    17
Dodge: Dodged            ||    22
